 Dungeon Crawl Stone Soup version 0.20.1-1-g8b1a95d (webtiles) character file.

1662 Gremour the Slasher (level 8, -6/62 HPs)
             Began as a White Draconian Fire Elementalist on Sept 14, 2017.
             Was a Follower of Dithmenos.
             Mangled by Feta's ghost (16 damage)
             ... on level 7 of the Dungeon.
             The game lasted 00:58:38 (6959 turns).

Gremour the Slasher (DrFE)                          Turns: 6959, Time: 00:58:39

Health: -6/62      AC:  9    Str:  9 (11) XL:     8   Next: 69%
Magic:  6/12       EV: 13    Int: 15      God:    Dithmenos [*.....]
Gold:   351        SH:  8    Dex: 19 (20) Spells: 11/13 levels left

rFire    . . .     SeeInvis .   w - +1 falchion (holy)
rCold    + . .     Gourm    .   c - +0 shield
rNeg     . . .     Faith    .   (armour unavailable)
rPois    .         Spirit   .   (helmet restricted)
rElec    .         Reflect  .   (no cloak)
rCorr    .         Harm     .   B - +0 pair of gloves
MR       .....                  o - +1 pair of boots {Fly}
Stlth    ++++......             (no amulet)
Regen    0.2/turn               l - +3 ring of dexterity
MPRegen  0.2/turn               y - +3 ring of dexterity

@: about to teleport, flying, slightly contaminated, wreathed by umbra
A: breathe frost, unfitting armour, cold resistance 1, cold-blooded, AC +6
a: Breathe Frost, Renounce Religion, Stop Flying


You were on level 7 of the Dungeon.
You worshipped Dithmenos.
Dithmenos was aware of your devotion.
You were not hungry.

You visited 2 branches of the dungeon, and saw 9 of its levels.

You collected 351 gold pieces.

Inventory:

Hand Weapons
 a - a +1 long sword of freezing
 b - a +0 dagger of venom
 w - a +1 falchion of holy wrath (weapon)
Armour
 c - a +0 shield (worn)
 o - a +1 pair of boots of flying (worn)
 p - the +0 scale mail of Eternal Vigilance {rPois rCorr Stlth+}
   (You found it on level 5 of the Dungeon)

   It protects you from poison.
   It protects you from acid and corrosion.
   It makes you more stealthy.
 x - the +4 robe of Augmentation {Str+4 Int+4 Dex+4}
   (You found it on level 4 of the Dungeon)

   It affects your strength (+4).
   It affects your intelligence (+4).
   It affects your dexterity (+4).
 B - a +0 pair of gloves (worn)
Jewellery
 l - a +3 ring of dexterity (left hand)
 y - a +3 ring of dexterity (right hand)
 C - an uncursed ring of magical power
Wands
 s - a wand of paralysis (3/24)
Scrolls
 d - a scroll of noise {unknown}
 e - 2 scrolls of teleportation
 g - a scroll of magic mapping {unknown}
 h - a scroll of blinking
 i - a scroll of amnesia
 j - a scroll of immolation {unknown}
 k - 3 scrolls of identify
 m - 4 scrolls of remove curse {unknown}
 q - a scroll of recharging {unknown}
 r - a scroll of fear {unknown}
 t - a scroll of enchant weapon {unknown}
Potions
 A - a potion of lignification
Books
 n - a book of Cantrips

   Spells                             Type                      Level
   a - Confusing Touch                Hexes                        1
   b - Animate Skeleton               Necromancy                   1
   c - Summon Small Mammal            Summoning                    1
   d - Apportation                    Translocation                1
Comestibles
 f - 3 meat rations
 u - 8 bread rations
 v - 2 fruits
 D - 3 chunks of flesh


   Skills:
 + Level 2.3 Fighting
 + Level 5.3 Long Blades
 + Level 4.6 Dodging
 + Level 5.1 Stealth
 * Level 1.9 Shields
 + Level 3.2 Unarmed Combat
 + Level 3.0 Spellcasting
   Level 1.8 Conjurations
 + Level 1.3 Summonings
   Level 2.8 Fire Magic
 + Level 2.2 Invocations


You had 11 spell levels left.
You knew the following spells:

 Your Spells              Type           Power        Failure   Level  Hunger
c - Confusing Touch       Hex            #.....       71%         1    #......
m - Summon Small Mammal   Summ           #...         54%         1    #......


Dungeon Overview and Level Annotations

Branches:
Dungeon (8/15)             Temple (1/1) D:4
   Lair: D:8-11

Altars:
Ashenzari
Cheibriados
Dithmenos
Elyvilon
Fedhas
Gozag
Hepliaklqana
Kikubaaqudgha
Makhleb
Nemelex Xobeh
Okawaru
Qazlal
Ru
Sif Muna
Trog
Uskayaw
Vehumet
Xom
Yredelemnul
Zin
The Shining One

Shops:
D:6 =

Annotations:
D:7 Feta's ghost, novice FoFi


Innate Abilities, Weirdness & Mutations

You can breathe waves of freezing cold.
You can buffet flying creatures when you breathe cold.
Your icy white scales are hard. (AC +6)
You cannot fit into any form of body armour.
Your flesh is cold resistant. (rC+)
You are cold-blooded and may be slowed by cold attacks.


Message History

Your bat hits Feta's ghost but does no damage.
Feta's ghost misses your bat.
You see here 6 bolts.
Your bat hits Feta's ghost but does no damage.
Feta's ghost hits your bat!!
Your bat dies!
Your bat's corpse disappears in a puff of smoke!
Your bat hits Feta's ghost but does no damage. x2
Feta's ghost closely misses your bat.
Your bat closely misses Feta's ghost.
Your bat hits Feta's ghost but does no damage.
You see here 6 bolts.
Your bat hits Feta's ghost but does no damage.
Feta's ghost hits your bat!!
Your bat dies!
Your bat's corpse disappears in a puff of smoke!
Feta's ghost keens inconsolably.
As you read the scroll of teleportation, it crumbles to dust.
You feel strangely unstable. Feta's ghost hits you!
You die...

###.....
#####Wb.(...
#...ยง.b..).#
####.######.###
##...(# #.....#
##....##
#.....#
####..####
#.....#
#######...W.#
#.....#
#....(...@###
#...)..
#.........#
#<....#
#......(..#
#)....#
#....(....#
#.....#
#.........#
#.....#
###########
#.....# #######


You could see Feta's ghost.

Vanquished Creatures
  Eustachio (D:4)
  Menkaure (D:4)
  The ghost of ThereIsNoGod the Covert, an amateur OpAs (D:4)
  An ice beast (D:5)
  A centaur (D:6)
  An ogre (D:6)
  A bullfrog (D:6)
  A scorpion (D:6)
  A water moccasin skeleton (D:4)
  A howler monkey (D:6)
  4 crimson imps
  2 bullfrog zombies
  A jelly (D:7)
  2 hounds
  3 orc priests
  2 orc wizards
  Ijyb (D:4)
  Terence (D:3)
  2 iguanas
  2 worker ants
  7 gnolls (D:4)
  4 adders
  3 oozes
  An adder zombie (D:5)
  A worm (D:3)
  A dart slug (D:2)
  4 leopard geckos
  15 orcs
  8 giant cockroaches
  7 goblins
  9 hobgoblins
  9 jackals
  2 kobolds
  2 quokkas
  3 ball pythons
  5 bats
  11 frilled lizards
  A jackal skeleton (D:5)
  A leopard gecko skeleton (D:4)
  8 rats
132 creatures vanquished.

Notes
Turn   | Place    | Note
-------+----------+-------------------------------------------
     0 | D:1      | Gremour the Draconian Fire Elementalist began the quest for the Orb.
     0 | D:1      | Reached XP level 1. HP: 14/14 MP: 3/3
   259 | D:1      | Reached XP level 2. HP: 20/20 MP: 1/5
  1126 | D:2      | Reached XP level 3. HP: 20/26 MP: 6/6
  1916 | D:2      | Learned a level 3 spell: Conjure Flame
  2030 | D:2      | Reached XP level 4. HP: 34/34 MP: 7/7
  2361 | D:3      | Learned a level 1 spell: Summon Small Mammal
  2414 | D:3      | Reached XP level 5. HP: 34/39 MP: 8/8
  2831 | D:3      | Noticed Terence
  2848 | D:3      | Killed Terence
  3131 | D:4      | Noticed Ijyb
  3145 | D:4      | Killed Ijyb
  3318 | D:4      | Noticed ThereIsNoGod's ghost (amateur OpAs)
  3341 | D:4      | Killed ThereIsNoGod's ghost
  3341 | D:4      | Reached skill level 1 in Long Blades
  3341 | D:4      | Reached skill level 1 in Unarmed Combat
  3341 | D:4      | Reached XP level 6. HP: 37/46 MP: 0/9
  3420 | D:4      | Noticed Eustachio
  3475 | D:4      | Killed Eustachio
  3475 | D:4      | Reached skill level 1 in Fighting
  3646 | D:4      | Reached skill level 1 in Summonings
  3678 | D:4      | Noticed Menkaure
  3690 | D:4      | Killed Menkaure
  3690 | D:4      | Your scales start taking on an icy white colour.
  3690 | D:4      | Reached XP level 7. HP: 26/52 MP: 6/11
  3690 | D:4      | Gained mutation: Your flesh is cold resistant. (rC+) [White Draconian growth]
  4250 | D:4      | Found a staircase to the Ecumenical Temple.
  4259 | Temple   | Entered the Ecumenical Temple
  4331 | Temple   | Became a worshipper of Dithmenos the Shadowed
  4360 | Temple   | Learned a level 1 spell: Confusing Touch
  4746 | D:5      | Entered Level 5 of the Dungeon
  4822 | D:5      | You fall through a shaft for 3 floors!
  5263 | D:6      | Reached XP level 8. HP: 61/61 MP: 12/12
  5570 | D:5      | Reached skill level 1 in Invocations
  5592 | D:5      | Got a brightly glowing scale mail
  5711 | D:5      | Reached skill level 1 in Shields
  6001 | D:5      | Reached * piety under Dithmenos
  6025 | D:5      | Reached skill level 5 in Stealth
  6154 | D:5      | Identified the +0 scale mail of Eternal Vigilance {rPois rCorr Stlth+} (You found it on level 5 of the Dungeon)
  6318 | D:6      | Reached skill level 5 in Long Blades
  6564 | D:6      | Found Vyocem's Jewellery Shoppe.
  6897 | D:7      | Noticed Feta's ghost (novice FoFi)
  6959 | D:7      | Mangled by Feta's ghost

Skill      XL: |  1  2  3  4  5  6  7  8 |
---------------+-------------------------+-----
Dodging        | 2 3 4 |  4.6
Stealth        | 2 3 4 5 |  5.1
Long Blades    | 1 4 5 |  5.3
Unarmed Combat | 1 2 3 |  3.2
Fighting       | 1 2 |  2.3
Summonings     | 1 |  1.3
Fire Magic     | 2 |  2.8
Invocations    | 2 |  2.2
Shields        | 1 |  1.9
Spellcasting   | 3 |  3.0
Conjurations   | |  1.8

Action                   |  1- 3 |  4- 6 |  7- 9 || total
-------------------------+-------+-------+-------++-------
Melee: Whip              |     9 |       |       ||     9
       Unarmed           |     4 |       |       ||     4
       Dagger            |    76 |    58 |    13 ||   147
       Tailslap          |     8 |     9 |    33 ||    50
       Long sword        |       |    20 |   158 ||   178
       Falchion          |       |     3 |    42 ||    45
Throw: Tomahawk          |       |       |     2 ||     2
 Cast: Flame Tongue      |    11 |    35 |     4 ||    50
       Summon Small Mamm |       |     5 |     3 ||     8
       Confusing Touch   |       |       |     1 ||     1
 Abil: Breathe Frost     |       |       |    11 ||    11
  Use: Potion            |     1 |       |     5 ||     6
       Scroll            |       |     2 |     6 ||     8
 Stab: Sleeping          |     4 |     6 |     7 ||    17
       Distracted        |       |       |     1 ||     1
  Eat: Chunk             |     3 |     3 |    10 ||    16
       Meat ration       |       |     1 |       ||     1
       Fruit             |       |       |     2 ||     2
Armor: Skin              |    42 |    31 |    65 ||   138
Dodge: Dodged            |    62 |   107 |   120 ||   289
Block: Shield            |       |       |    31 ||    31
       Rpst.: Long sword |       |     8 |    36 ||    44
       Falchion          |       |       |     4 ||     4
